 Dungeon Crawl Stone Soup version 0.31.0-4-g52a2dc7128 (webtiles) character file.

Game seed: 3429319590537618936

3465 HonestlyKidding the Grappler (level 9, -29/89 HPs)
             Began as a Troll Fighter on Jan 22, 2024.
             Was a Believer of Wu Jian.
             Annihilated by an orc knight
             ... wielding a +0 halberd
              (34 damage)
             ... in a bailey.
             The game lasted 00:28:09 (4982 turns).

HonestlyKidding the Grappler (Troll Fighter)        Turns: 4982, Time: 00:28:10

Health: -29/89     AC: 10    Str: 32    XL:     9   Next: 78%
Magic:  8/8        EV: 11    Int:  4    God:    Wu Jian [**....]
Gold:   292        SH: 10    Dex: 13    Spells: 8/8 levels left

rFire   . .          .
                       - Unarmed
rCold   . . .        b - +0 kite shield
rNeg    . . .        E - +0 steam dragon scales
rPois   .            x - +2 hat
rElec   .            p - +0 cloak
rCorr   .            (gloves unavailable)
SInv    .            (boots unavailable)
Will    .....        (no amulet)
Stlth   +            k - +6 ring of strength
HPRegen 1.14/turn    l - ring of flight
MPRegen 0.11/turn

%: no passive effects
@: mighty, flying
A: large, unfitting armour, claws 3, regeneration 1, shaggy fur 1, tough skin 1
a: Renounce Religion, Wall Jump


You were in a bailey.
You worshipped Wu Jian.
Wu Jian was pleased with you.
You visited 2 branches of the dungeon, and saw 8 of its levels.
You also visited: Ossuary and Bailey.

You collected 292 gold pieces.

Inventory:

Missiles
 g - 2 throwing nets
 n - 3 large rocks (quivered)
Armour
 b - a +0 kite shield (worn)
 p - a +0 cloak (worn)
 x - a +2 hat (worn)
 E - +0 steam dragon scales (worn)
Jewellery
 k - a +6 ring of strength (left claw)
 l - a ring of flight (right claw)
Wands
 u - a wand of paralysis (4)
 A - a wand of mindburst (17)
 F - a wand of digging (1)
Scrolls
 e - a scroll of amnesia
 f - 3 scrolls of teleportation
 i - 2 scrolls of blinking
 j - 2 scrolls of poison
 r - a scroll of vulnerability
 s - 4 scrolls of identify
 y - a scroll of torment
 B - a scroll of fear
 G - a scroll of noise
Potions
 a - a potion of invisibility {unknown}
 h - 2 potions of cancellation {unknown}
 m - a potion of brilliance {unknown}
 o - a potion of degeneration {unknown}
 q - a potion of magic {unknown}
 t - a potion of attraction {unknown}
 v - a potion of berserk rage {unknown}
 w - 2 potions of curing {unknown}
 z - a potion of ambrosia {unknown}
 C - a potion of lignification {unknown}
 D - a potion of resistance {unknown}
 H - a potion of haste {unknown}


   Skills:
 + Level 5.7 Fighting
 + Level 5.8 Dodging
 + Level 6.3 Shields
 * Level 9.1 Unarmed Combat


You had 8 spell levels left.
You didn't know any spells.
Your spell library contained the following spells:

 Spells                   Type           Power      Damage    Failure   Level
 Summon Small Mammal      Summ           0%         N/A       67%         1
 Call Canine Familiar     Summ           0%         N/A       96%         3
 Summon Blazeheart Golem  Fire/Summ      0%         N/A       100%        4


Dungeon Overview and Level Annotations

Branches:
Dungeon (7/15)             Temple (1/1) D:4         Ossuary (visited)
 Bailey (1/1)

Altars:
Ashenzari
Cheibriados
Dithmenos
Elyvilon
Fedhas
Gozag
Hepliaklqana
Kikubaaqudgha
Makhleb
Nemelex Xobeh
Okawaru
Qazlal
Ru
Sif Muna
Trog
Uskayaw
Vehumet
Wu Jian
Xom
Yredelemnul
Zin
The Shining One

Shops:
D:3 *


Innate Abilities, Weirdness & Mutations

You are too large for most types of armour.
You have claws for hands.
Your natural rate of healing is unusually fast.
You are covered in fur. (AC +1)
You have tough skin. (AC +1)


Message History

The orc knight goes into a battle-frenzy!
The orc warrior no longer looks unusually strong.
The orc knight roars a battlecry!
Okay, then.
The orc knight no longer looks unusually strong.
The orc knight no longer looks unusually strong.
The orc knight roars a battlecry!
The orc knight goes into a battle-frenzy!
You lunge at the orc knight, in a flurry of attacks.
You scratch the orc knight.
The orc knight is moderately wounded.
You scratch the orc knight but do no damage.
The orc knight is moderately wounded.
You block the orc knight's attack.
You closely miss the orc knight.
The orc knight is moderately wounded.
The orc knight hits you with a +0 halberd!
You barely miss the orc knight.
The orc knight is moderately wounded.
The orc knight hits you with a +0 halberd!
You closely miss the orc knight.
The orc knight is moderately wounded.
You block the orc knight's attack.
You claw the orc knight!
The orc knight is heavily wounded.
The orc knight roars a battlecry!
The orc knight goes into a battle-frenzy!
The orc knight hits you with a +0 halberd!!
You scratch the orc knight.
The orc knight is heavily wounded.
The orc knight roars a battlecry!
The orc warrior goes into a battle-frenzy!
You mangle the orc knight!!
The orc knight is almost dead.
The orc knight hits you with a +0 halberd!!
* * * LOW HITPOINT WARNING * * *
You scratch the orc knight.
The orc knight is almost dead.
The orc knight hits you with a +0 halberd!!
You die...

# ###.##............# #
#..##............#
#+++##...o............#
....##...o............#
....##....≈≈≈.≈≈......#
######....≈##o#≈≈.....#
..........≈#∩.##≈.....#
...........))..#≈o....#
..........≈##.##@.....#
..........≈≈###≈≈.....#
...........≈≈≈≈≈......#
...............o......#
......................#
......................#
.....................∩#
#######################


You could see an orc knight (strong) and an orc warrior (strong).

Vanquished Creatures
  An unseen horror (D:6)
  A steam dragon (D:6)
  A water moccasin (D:6)
  9 orc warriors (Bailey)
  2 black bears
  2 ogres (D:5)
  A centaur (D:6)
  A phantom (D:6)
  An elf zombie (Ossuary)
  8 wights (D:6)
  6 human zombies (Ossuary)
  2 hounds (D:5)
  2 orc priests
  Crazy Yiuf (D:2)
  A gnoll bouda (D:6)
  Natasha (thrice) (D:2)
  2 orc wizards (D:7)
  7 iguanas
  2 crocodile zombies (Ossuary)
  4 spectral hounds (Ossuary)
  A scorpion simulacrum (Ossuary)
  3 mummies (Ossuary)
  A howler monkey zombie (D:4)
  7 gnolls
  6 adders
  2 shadow imps (D:6)
  A white imp (D:6)
  2 ufetubi (D:6)
  3 spectral adders (Ossuary)
  4 spectral gnolls (Ossuary)
  2 ribbon worms
  6 dart slugs
  4 adder simulacra (Ossuary)
  17 orcs
  5 ball pythons
  2 endoplasms
  5 giant cockroaches
  4 gnoll zombies (Ossuary)
  12 goblins
  5 hobgoblins
  5 kobolds
  6 quokkas
  2 bats (D:1)
  2 frilled lizards (D:1)
  5 jackal simulacra (Ossuary)
  10 kobold zombies (Ossuary)
  2 orc zombies (Ossuary)
  A quokka zombie (D:4)
  5 rats
187 creatures vanquished.

Notes
Turn   | Place    | Note
-------+----------+-------------------------------------------
     0 | D:1      | HonestlyKidding the Troll Fighter began the quest for the
                  | Orb.
     0 | D:1      | Reached XP level 1. HP: 22/22 MP: 0/0
    61 | D:1      | Reached XP level 2. HP: 29/29 MP: 1/1
   551 | D:2      | Reached XP level 3. HP: 36/36 MP: 2/2
   577 | D:2      | Found a runed translucent door.
   578 | D:2      | Noticed Crazy Yiuf
   704 | D:2      | Found a shadowy altar of Dithmenos.
   708 | D:2      | Noticed Natasha
   713 | D:2      | Killed Natasha
   714 | D:2      | Reached skill level 3 in Unarmed Combat
   714 | D:2      | Reached XP level 4. HP: 44/44 MP: 3/3
   868 | D:2      | Noticed Natasha
   877 | D:2      | Killed Natasha
   917 | D:2      | Killed Crazy Yiuf
   955 | D:2      | Noticed Natasha
   964 | D:2      | Killed Natasha
   965 | D:2      | Reached XP level 5. HP: 53/53 MP: 4/4
  1416 | D:3      | Found Torynel's Assorted Antiques.
  1423 | D:3      | Reached skill level 4 in Unarmed Combat
  1910 | D:4      | Reached XP level 6. HP: 61/61 MP: 5/5
  2242 | D:4      | Identified the +8 long sword "HonestlyKidding's Foe" {pain,
                  | rPois rN+ Will+ Stlth+}
  2281 | D:4      | Found a staircase to the Ecumenical Temple.
  2305 | D:4      | You are sucked into a shaft and drop 2 floors!
  2325 | D:6      | Found a sacrificial altar of Ru.
  2383 | D:6      | Reached skill level 5 in Unarmed Combat
  2389 | D:6      | Reached XP level 7. HP: 56/67 MP: 6/6
  2455 | D:6      | Found a sand-covered staircase.
  2459 | Ossuary  | Entered an ossuary
  2658 | Ossuary  | Reached skill level 6 in Unarmed Combat
  2677 | Ossuary  | Reached XP level 8. HP: 69/76 MP: 7/7
  2944 | D:5      | Entered Level 5 of the Dungeon
  3037 | Temple   | Entered the Ecumenical Temple
  3054 | Temple   | Became a worshipper of the Wu Jian Council
  3170 | D:4      | Found a basalt altar of Yredelemnul.
  3416 | D:5      | Reached skill level 5 in Shields
  3525 | D:5      | Reached skill level 7 in Unarmed Combat
  3876 | D:6      | Found a glowing silver altar of Zin.
  3994 | D:6      | Found a bloodstained altar of Trog.
  4021 | D:6      | Reached skill level 5 in Dodging
  4032 | D:6      | Found a radiant altar of Vehumet.
  4047 | D:6      | Killed an unseen horror
  4048 | D:6      | Reached skill level 5 in Fighting
  4048 | D:6      | Reached XP level 9. HP: 84/88 MP: 8/8
  4097 | D:6      | Found a shimmering altar of Xom.
  4117 | D:6      | Found a broken altar of Ashenzari.
  4134 | D:6      | Reached skill level 8 in Unarmed Combat
  4182 | D:6      | Reached * piety under Wu Jian
  4351 | D:6      | Found an iron altar of Okawaru.
  4451 | D:6      | Found an opulent altar of Gozag.
  4611 | D:7      | Found a flagged portal.
  4625 | Bailey   | Entered a bailey
  4819 | Bailey   | Reached skill level 9 in Unarmed Combat
  4835 | Bailey   | Reached ** piety under Wu Jian
  4935 | Bailey   | Noticed an orc knight
  4935 | Bailey   | Noticed an orc knight
  4981 | Bailey   | HP: 4/89 [orc knight/+0 halberd (28)]
  4982 | Bailey   | Annihilated by an orc knight

Illustrated notes

Levels and vault maps discovered:
D:1:      minmay_arrival_cross, layout_rooms, st_stairs_4, serial_park_tiny_1
D:2:      layout_rooms, basic_altar, uniq_crazy_yiuf_cottage, uniq_natasha
D:3:      layout_loops_corners, serial_shops, nicolae_shop_overgrown_old_shop,
          minivault_5
D:4:      layout_rooms, lemuel_zombie_altar_yredelemnul,
          minmay_temple_entry_glassed_door, serial_aquarium,
          aquarium_bridge_straight [aquarium_subvault_bridge,
          aquarium_subvault_wall, aquarium_subvault_bridge,
          aquarium_subvault_wall], aquarium_bridge_long_joined
          [aquarium_subvault_window, aquarium_subvault_balcony,
          aquarium_subvault_bridge, aquarium_subvault_bridge,
          aquarium_subvault_wall, aquarium_subvault_wall], aquarium_window_2,
          aquarium_window_fake, aquarium_view_2e, aquarium_view_2e,
          aquarium_pool_S, chequers_serial_rivers_small_a
D:5:      layout_rooms, chequers_serial_rivers_large_b
D:6:      layout_basic, lemuel_coloured_pillars_altar,
          nicolae_overflow_quartered_altars, mainiacjoe_overflow_cross_hatched,
          pdpol_temple_overflow_zin_treasury_gozag_greed, enter_ossuary_5
D:7:      kennysheep_steamy, layout_loops_corners, enter_bailey_3,
          kennysheep_generic_room_10, uniq_duvessa
Temple:   oiseaux_autumnal_temple
Bailey:   bailey_polearm_2, bailey

Skill      XL: |  1  2  3  4  5  6  7  8  9 |
---------------+----------------------------+-----
Shields        | 3 4 5 6 |  6.3
Unarmed Combat | 3 4 5 6 7 9 |  9.1
Fighting       | 3 4 5 |  5.7
Dodging        | 3 4 5 |  5.8

Action                     |  1- 3 |  4- 6 |  7- 9 || total
---------------------------+-------+-------+-------++-------
  Melee: Unarmed           |    80 |   125 |   371 ||   576
Ability: Lunge             |       |       |    28 ||    28
         Whirlwind         |       |       |     8 ||     8
    Use: Scroll            |       |     8 |     5 ||    13
         Potion            |       |       |     3 ||     3
   Stab: Sleeping          |     1 |       |     6 ||     7
 Armour: Robe              |    57 |    82 |   144 ||   283
         Steam dragon scal |       |       |    57 ||    57
  Dodge: Dodged            |    31 |    61 |   134 ||   226
  Block: Kite shield       |    49 |    57 |   136 ||   242
